 Dungeon Crawl Stone Soup version 0.22-a0-161-g198051cff3 (console) character file.

289 Muffindrake the Slasher (level 6, -6/53 HPs)
             Began as a Draconian Berserker on Feb 11, 2018.
             Was a Believer of Trog.
             Mangled by a two-headed ogre
             ... wielding a +0 giant club
              (16 damage)
             ... on level 7 of the Dungeon.
             The game lasted 00:11:43 (2130 turns).

Muffindrake the Slasher (Draconian Berserker)       Turns: 2130, Time: 00:11:43

Health: -6/53      AC:  6    Str: 21    XL:     6   Next: 9%
Magic:  6/6        EV: 13    Int:  7    God:    Trog [**....]
Gold:   135        SH:  0    Dex: 11    Spells: 5/5 levels left

rFire    x . .     SeeInvis .   a - +0 falchion
rCold    + . .     Gourm    .   (no shield)
rNeg     . . .     Faith    .   (armour unavailable)
rPois    .         Spirit   .   (helmet restricted)
rElec    .         Reflect  .   (no cloak)
rCorr    .         Harm     .   (no gloves)
MR       ++...                  (no boots)
Stlth    +.........             (no amulet)
HPRegen  1.17/turn              h - ring of ice
MPRegen  0.10/turn              (no ring)

@: about to teleport, berserk cooldown, regenerating, slowed, very slow
A: unfitting armour, cold-blooded, AC +6
a: Berserk, Trog's Hand, Burn Spellbooks, Renounce Religion


You were on level 7 of the Dungeon.
You worshipped Trog.
Trog was pleased with you.
You were very hungry.

You visited 1 branch of the dungeon, and saw 5 of its levels.

You collected 135 gold pieces.

Inventory:

Hand Weapons
 a - a +0 falchion (weapon)
 f - a +1 dagger of electrocution
Jewellery
 h - a ring of ice (left hand)
Scrolls
 b - a scroll of enchant weapon {unknown}
 c - a scroll of remove curse
 d - 4 scrolls of teleportation
Potions
 e - a potion of degeneration {unknown}
 g - a potion of mutation {unknown}
Comestibles
 i - 2 rations
 j - a chunk of flesh


   Skills:
 + Level 4.6 Fighting
 * Level 5.3 Long Blades
 + Level 3.8 Dodging


You had 5 spell levels left.
You didn't know any spells.

Dungeon Overview and Level Annotations

Branches:
Dungeon (4/15)
 Temple: D:4-7

Altars:
Elyvilon
Okawaru
Xom
The Shining One


Innate Abilities, Weirdness & Mutations

Your plain brown scales are hard. (AC +6)
You cannot fit into any form of body armour.
You are cold-blooded and may be slowed by cold attacks.


Message History

You are feeling very hungry.
The two-headed ogre hits you but does no damage.
The two-headed ogre barely misses you.
You barely miss the two-headed ogre.
The two-headed ogre is lightly wounded.
The two-headed ogre hits you with a giant club!
The two-headed ogre hits you with a dire flail!
An orc comes into view.
You barely miss the two-headed ogre.
The two-headed ogre is lightly wounded.
The two-headed ogre hits you with a giant club!!
* * * LOW HITPOINT WARNING * * *
The two-headed ogre closely misses you.
The orc moves out of view.
An orc comes into view. It is wielding a hand axe.
As you read the scroll of teleportation, it crumbles to dust.
You feel strangely unstable.
The two-headed ogre hits you with a giant club.
* * * LOW HITPOINT WARNING * * *
The two-headed ogre hits you with a dire flail!
You die...

#.# #.# # #.# .####
#.####.....
################..........
..............##.......###
.#...#...#...##...........
........................#
.#...#...#...#..@....>..#
..............#O#####.#.#
###############o# #
#...oo# #.....# #.....#
#.?...# +o.....# #......#
..###..# ##. ..#


You could see a two-headed ogre, an orc warrior and 3 orcs.

Vanquished Creatures
  An ice beast (D:7)
  A howler monkey (D:2)
  A hound (D:7)
  An iguana (D:4)
  A worker ant (D:4)
  An adder (D:2)
  A worm (D:2)
  2 dart slugs
  5 leopard geckos
  A ball python (D:1)
  8 bats
  A giant cockroach (D:2)
  11 goblins
  8 hobgoblins
  4 jackals (D:3)
  A quokka (D:2)
  2 frilled lizards
  5 kobolds
  5 rats
60 creatures vanquished.

Notes
Turn   | Place    | Note
-------+----------+-------------------------------------------
     0 | D:1      | Muffindrake the Draconian Berserker began the quest for the Orb.
     0 | D:1      | Reached XP level 1. HP: 19/19 MP: 1/1
   103 | D:1      | Reached XP level 2. HP: 25/26 MP: 2/2
   121 | D:1      | Found a shimmering altar of Xom.
   491 | D:1      | Reached XP level 3. HP: 30/31 MP: 3/3
   706 | D:2      | Reached ** piety under Trog
   749 | D:2      | Found an iron altar of Okawaru.
  1018 | D:2      | Reached skill level 4 in Long Blades
  1018 | D:2      | Reached XP level 4. HP: 40/40 MP: 4/4
  1148 | D:2      | Found a glowing golden altar of the Shining One.
  1675 | D:4      | Reached XP level 5. HP: 11/46 MP: 5/5
  2037 | D:4      | You fall through a shaft for 3 floors!
  2037 | D:7      | Found a white marble altar of Elyvilon.
  2104 | D:7      | Noticed an ice beast
  2114 | D:7      | Killed an ice beast
  2114 | D:7      | Reached skill level 5 in Long Blades
  2114 | D:7      | Reached XP level 6. HP: 53/53 MP: 6/6
  2118 | D:7      | Noticed a two-headed ogre
  2125 | D:7      | Noticed an orc warrior
  2130 | D:7      | Mangled by a two-headed ogre

Vault maps used:
D:1:      ncdulo_wetmaze, st_stairs_3, minmay_misc_feat_five, xom_teletrap_fun
D:2:      lemuel_crystal_altar, nicolae_overflow_hidden_temple
D:3:      old_standard_altar, first_ration, minmay_misc_feat_room,
          nemelex_diamond_rough_becter
D:4:      ashenzari_altar_1, old_standard_altar, kennysheep_little_box,
          minmay_misc_feat_nine_boxes, uniq_crazy_yiuf_cottage
D:7:      grunt_temple_overflow_forces_of_nature, lemuel_coloured_pillars_altar,
          grunt_temple_overflow_open, temple_green, serial_shops, shop,
          uniq_joseph

Skill      XL: |  1  2  3  4  5 |
---------------+----------------+-----
Dodging        | 3 |  3.8
Fighting       | 4 |  4.6
Long Blades    | 4 5 |  5.3

Action                   |  1- 3 |  4- 6 || total
-------------------------+-------+-------++-------
Melee: Falchion          |    88 |    64 ||   152
       Tailslap          |     7 |    12 ||    19
Invok: Berserk           |     1 |     2 ||     3
       Trog's Hand       |       |     1 ||     1
  Use: Scroll            |     5 |     1 ||     6
 Stab: Sleeping          |       |     1 ||     1
  Eat: Ration            |       |     1 ||     1
       Chunk             |       |     3 ||     3
Armor: Skin              |    26 |    11 ||    37
Dodge: Dodged            |    58 |    50 ||   108
       Rpst.: Falchion   |    15 |    18 ||    33

Table legend:
 A = Spawn XP
 B = Non-spawn XP
 C = Spawn XP percentage of total XP
 D = Spawn monster count
 E = Non-spawn monster count
 F = Spawn count percentage of total count
 G = Total turns spent on level
                    A         B        C        D         E        F      G
               +---------+---------+-------+---------+---------+-------+---------
         Total |       0 |     414 |   0.0 |       0 |      60 |   0.0 |  2130
               +---------+---------+-------+---------+---------+-------+---------
           D:1 |       0 |      42 |   0.0 |       0 |      25 |   0.0 |   669
           D:2 |       0 |     116 |   0.0 |       0 |      24 |   0.0 |   842
           D:3 |       0 |      12 |   0.0 |       0 |       7 |   0.0 |   136
           D:4 |       0 |      68 |   0.0 |       0 |       2 |   0.0 |   390
           D:7 |       0 |     176 |   0.0 |       0 |       2 |   0.0 |    93
               +---------+---------+-------+---------+---------+-------+---------
